 Dungeon Crawl Stone Soup version 0.20.1-1-g8b1a95d (webtiles) character file.

26 Zachthehappycat the Ducker (level 2, 0/14 HPs)
             Began as a Felid Berserker on July 3, 2017.
             Was a Follower of Trog.
             Succumbed to an adder's poison
             ... on level 2 of the Dungeon.
             The game lasted 00:02:54 (1087 turns).

Zachthehappycat the Ducker (Felid Berserker)        Turns: 1087, Time: 00:02:55

Health: 0/14       AC:  1    Str: 13    XL:     2   Next: 89%
Magic:  3/3        EV: 19    Int:  8    God:    Trog [*.....]
Gold:   24         SH:  0    Dex: 15    Spells: 1/1 levels left
                                        Lives:  0   Deaths: 0

rFire    + . .     SeeInvis +     - Unarmed
rCold    x . .     Gourm    .   (shield unavailable)
rNeg     . . .     Faith    .   (armour unavailable)
rPois    .         Spirit   .   (helmet unavailable)
rElec    .         Reflect  .   (cloak unavailable)
rCorr    .         Harm     .   (gloves unavailable)
MR       .....                  (boots unavailable)
Stlth    ++........             (no amulet)
Regen    0.1/turn               d - ring of fire
MPRegen  0.1/turn               (no ring)

@: lethally poisoned (0 -> -6), hasted, very quick
A: no armour, no weapons or thrown items, stealth, claws 1, fangs 3, see
invisible, carnivore 3, speed 1, shaggy fur 1, slow metabolism 1, sharp paws
a: Berserk, Burn Spellbooks, Renounce Religion


You were on level 2 of the Dungeon.
You worshipped Trog.
Trog was aware of your devotion.
You were completely stuffed.

You visited 1 branch of the dungeon, and saw 2 of its levels.

You collected 24 gold pieces.

Inventory:

Jewellery
 d - a ring of fire (left paw)
Scrolls
 b - 2 scrolls of amnesia {unknown}
 e - a scroll of recharging {unknown}
 k - a scroll of identify {unknown}
 l - a scroll of teleportation {unknown}
Potions
 c - 2 potions of heal wounds {unknown}
 f - a potion of resistance {unknown}
 g - a potion of berserk rage {unknown}
 h - a potion of haste
 j - a potion of might {unknown}
Comestibles
 a - 2 meat rations
 i - a chunk of flesh


   Skills:
 + Level 3.3 Fighting
 + Level 4.5 Dodging
 + Level 1.9 Stealth
 + Level 3.2 Unarmed Combat


You had one spell level left.
You didn't know any spells.

Dungeon Overview and Level Annotations

Branches:
Dungeon (2/15)

Altars:


Innate Abilities, Weirdness & Mutations

You cannot wear armour.
You are incapable of wielding weapons or throwing items.
Your paws allow you to move quietly. (Stealth)
You have sharp claws.
You have razor-sharp teeth.
You have supernaturally acute eyesight. (SInv)
You are carnivorous and can eat meat at any time.
You cover ground quickly.
You are covered in fur. (AC +1)
You have a slow metabolism.
Your sharp claws are effective at attacking unaware monsters.


Message History

You miss the adder. Your claw misses the adder.
The adder is heavily wounded.
The adder bites you but does no damage.
You miss the adder.
The adder is heavily wounded.
The adder bites you.
You are lethally poisoned!
The adder poisons you! The adder bites you.
* * * LOW HITPOINT WARNING * * *
You are too injured to fight recklessly!
You are too injured to fight recklessly!
You are too injured to fight recklessly!
You are too injured to fight recklessly!
* * * LOW HITPOINT WARNING * * *
You feel sick.
* * * LOW HITPOINT WARNING * * *
You feel sick.
You are too injured to fight recklessly!
It was a potion of haste.
You feel yourself speed up.
You die...

#.# #.# #.# ##### #.# ##...#
#.# ##....### # ##.##
#.......####
#.#######...#####...........
#.....$...S@............####
#.#######...######....###
#....# ##......... #$##.#
##.####### #... ..# #.#
....♣ ♣.# #.# ♣..♣.. ♣. #.#
♣.♣♣♣♣ .. #<. .##


You could see an adder.

Vanquished Creatures
  A dart slug (D:1)
  2 ball pythons (D:1)
  4 bats
  3 giant cockroaches (D:1)
  2 goblins (D:1)
  2 hobgoblins (D:1)
  3 frilled lizards (D:1)
  3 kobolds (D:1)
  5 rats
25 creatures vanquished.

Notes
Turn   | Place    | Note
-------+----------+-------------------------------------------
     0 | D:1      | Zachthehappycat the Felid Berserker began the quest for the Orb.
     0 | D:1      | Reached XP level 1. HP: 10/10 MP: 2/2
   244 | D:1      | Reached skill level 1 in Stealth
   315 | D:1      | Reached XP level 2. HP: 9/14 MP: 3/3
  1087 | D:2      | Succumbed to an adder's poison

Skill      XL: |  1 |
---------------+----+-----
Stealth        | 1 |  1.9
Fighting       | |  3.3
Dodging        | |  4.5
Unarmed Combat | |  3.2

Action                   || total
-------------------------++-------
Melee: Unarmed           ||    74
       Bite              ||    15
  Use: Potion            ||     1
 Stab: Sleeping          ||     4
  Eat: Chunk             ||     8
Armor: Skin              ||     6
Dodge: Dodged            ||    61
